 Dungeon Crawl Stone Soup version 0.28.0-53-g5a82cb258f (webtiles) character file.

Game seed: 2305583502037988652

26 Zeld the Chopper (level 2, -6/27 HPs)
             Began as a Minotaur Berserker on May 23, 2022.
             Was a Follower of Trog.
             Mangled by Natasha (8 damage)
             ... on level 2 of the Dungeon.
             The game lasted 00:00:44 (1451 turns).

Zeld the Chopper (Minotaur Berserker)               Turns: 1451, Time: 00:00:45

Health: -6/27      AC:  3    Str: 21    XL:     2   Next: 89%
Magic:  1/1        EV: 12    Int:  4    God:    Trog [*.....]
Gold:   31         SH:  0    Dex:  9    Spells: 1/1 levels left

rFire   . . .      SeeInvis .   a - +0 battleaxe
rCold   . . .      Faith    .   (shield currently unavailable)
rNeg    . . .      Spirit   .   f - +0 animal skin
rPois   .          Reflect  .   (helmet restricted)
rElec   .          Harm     .   e - +0 cloak
rCorr   .          Rampage  .   (no gloves)
Will    .....                   (no boots)
Stlth   +.........              (no amulet)
HPRegen 0.09/turn               (no ring)
MPRegen 0.07/turn               (no ring)

@: no status effects
A: horns 2, retaliatory headbutt
a: Renounce Religion, Berserk


You were on level 2 of the Dungeon.
You worshipped Trog.
Trog was aware of your devotion.
You visited 1 branch of the dungeon, and saw 2 of its levels.

You collected 31 gold pieces.

Inventory:

Hand Weapons
 a - a +0 battleaxe (weapon)
 b - a +0 hand axe
Armour
 e - a +0 cloak (worn)
 f - a +0 animal skin (worn)
Scrolls
 g - a scroll of summoning {unknown}
Potions
 c - a potion of lignification {unknown}
 d - a potion of curing {unknown}


   Skills:
 * Level 4.1 Fighting
 * Level 4.1 Axes
 + Level 2.9 Armour
 + Level 2.4 Dodging


You had one spell level left.
You didn't know any spells.
Your spell library was empty.

Dungeon Overview and Level Annotations

Branches:
Dungeon (2/15)

Altars:

Annotations:
D:2 Jessica, Natasha


Innate Abilities, Weirdness & Mutations

You have a pair of horns on your head.
You reflexively headbutt those who attack you in melee.


Message History

No target in view!
Found a ring mail.
Found a stone staircase leading down.
No target in view!
Jessica the Apprentice Sorceress comes into view.
She is wielding a +0 club, wearing a +2 robe of cold resistance and carrying a wand of flame (22).
A goblin comes into view. It is wielding a +0 club.
Jessica gestures wildly while chanting.
Jessica seems to speed up.
The goblin shouts!
A bat comes into view.
Natasha, Servant of Life and Death comes into view.
There are monsters nearby!
The goblin hits you with a +0 club.
Natasha casts a spell.
You closely miss the goblin.
Jessica gestures wildly.
Jessica mumbles some strange words.
Jessica blinks!
The goblin barely misses you. You furiously retaliate!
You headbutt the goblin!
You kill the goblin!
Trog accepts your kill.
Jessica drinks a potion.
Jessica seems to grow stronger.
Jessica casts a spell at you.
You barely resist.
Jessica zaps a wand.
The puff of flame hits you!
Jessica mumbles some strange words.
Jessica blinks!
Unknown command.
Jessica zaps a wand.
The puff of flame hits you!
* * * LOW HITPOINT WARNING * * *
Jessica points at you and mumbles some strange words.
You resist with some effort. Natasha completely misses you.
Unknown command.
You are too injured to fight recklessly!
Unknown command.
You barely miss Natasha. You hit Jessica. Jessica closely misses you.
You furiously retaliate!
You headbutt Jessica.
Jessica zaps a wand.
The puff of flame hits you.
* * * LOW HITPOINT WARNING * * *
Natasha claws you!
You die...

#..#............ .♣♣.♣
#.....#.#.......
.§§§§♣♣
#.#...####.#....
..♣P§.##......######...
... ..###...#.# ##..
♣..♣.# #.....# #...
♣.5♣.###...### ##..
♣h...#...# ##.
♣.@......# #..
♣@##.#...# ##.
...#..#...# #.
..♣.♣#.##...# ## 8.. .♣
.. #[#># .. .. #..
#.### . ♣♣ ... ... .♣##
...


You could see Natasha, a white imp (summoned) and Jessica (fast, strong).

Vanquished Creatures
  5 ball pythons
  2 bats (D:1)
  An endoplasm (D:1)
  A giant cockroach (D:1)
  3 hobgoblins
  2 kobolds (D:1)
  A quokka (D:1)
  6 frilled lizards (D:1)
  2 goblins
  A rat (D:1)
24 creatures vanquished.

Vanquished Creatures (others)
  27 plants (D:2)
27 creatures vanquished.

Grand Total: 51 creatures vanquished

Notes
Turn   | Place    | Note
-------+----------+-------------------------------------------
     0 | D:1      | Zeld the Minotaur Berserker began the quest for the Orb.
     0 | D:1      | Reached XP level 1. HP: 19/19 MP: 0/0
   418 | D:1      | Reached XP level 2. HP: 21/27 MP: 1/1
  1443 | D:2      | Noticed Jessica
  1444 | D:2      | Noticed Natasha
  1451 | D:2      | Mangled by Natasha

Illustrated notes

Levels and vault maps discovered:
D:1:      minmay_arrival_up_and_down, layout_basic, minmay_misc_feat_doors
D:2:      wad_woods_tower, layout_basic, nicolae_figureground_sparkle,
          uniq_natasha, uniq_jessica, uniq_terence, uniq_crazy_yiuf_cottage

Skill      XL: |  1  2 |
---------------+-------+-----
Axes           | 4 |  4.1
Fighting       | 4 |  4.1
Armour         | |  2.9
Dodging        | |  2.4

Action                   || total
-------------------------++-------
Melee: Hand axe          ||    35
       Headbutt          ||     3
       Battleaxe         ||     5
Armor: Animal skin       ||     6
Dodge: Dodged            ||    40
